 Dungeon Crawl Stone Soup version 0.30-a0-385-gfebfb9b408 (webtiles) character file.

Game seed: 2187364886238786252

14303 leviel the Cleaver (level 12, -8/160 HPs)
             Began as a Hill Orc Fighter on Dec 2, 2022.
             Was an Initiate of Gozag.
             Mangled by an orc knight
             ... wielding a +2 bardiche
              (26 damage)
             ... on level 2 of the Orcish Mines.
             The game lasted 00:21:11 (13155 turns).

leviel the Cleaver (Hill Orc Fighter)              Turns: 13155, Time: 00:21:11

Health: -8/160     AC: 21    Str: 21    XL:     12   Next: 15%
Magic:  0/12       EV: 10    Int:  8    God:    Gozag
Gold:   90         SH:  6    Dex: 10    Spells: 11/11 levels left

rFire   + . .      SeeInvis .    A - +9 hand axe of the Omega Point {drain, rElec Str+2}
rCold   + . .      Faith    .    c - +0 buckler
rNeg    . . .      Spirit   +    b - +0 scale mail
rPois   +          Reflect  .    o - +2 hat
rElec   +          Harm     .    d - +0 cloak
rCorr   +          Rampage  .    m - +2 pair of gloves
Will    .....                    v - +5 pair of boots of Skepticism {Fly rElec rCorr Str-5}
Stlth   ..........               t - amulet of guardian spirit
HPRegen 0.46/turn                (no ring)
MPRegen 0.13/turn                (no ring)

@: mighty, berserking, resistant, gold aura, flying, hasted, studying
Evocations, very quick
A: no striking features
a: Renounce Religion, Convert to Beogh, Potion Petition, Call Merchant, Bribe
Branch


You were on level 2 of the Orcish Mines.
You worshipped Gozag.
Gozag was noncommittal.
You visited 2 branches of the dungeon, and saw 14 of its levels.

You collected 2406 gold pieces.
You spent 1431 gold pieces at shops.
You paid 885 gold pieces to Gozag.

Inventory:

Hand Weapons
 a - a +4 war axe of electrocution
 A - the +9 hand axe of the Omega Point (weapon) {drain, rElec Str+2}
   (You found it on level 10 of the Dungeon)

   A truly terrible weapon, it drains the life of any living foe it strikes.
   Str:       It affects your strength (+2).
   rElec:     It insulates you from electricity.
Missiles
 e - 19 poisoned darts
 l - 4 curare-tipped darts (quivered)
Armour
 b - a +0 scale mail (worn)
 c - a +0 buckler (worn)
 d - a +0 cloak (worn)
 m - a +2 pair of gloves (worn)
 o - a +2 hat (worn)
 v - the +5 pair of boots of Skepticism (worn) {Fly rElec rCorr Str-5}
   (You bought it in a shop on level 5 of the Dungeon)

   Str:       It affects your strength (-5).
   rElec:     It insulates you from electricity.
   Fly:       It grants you flight.
   rCorr:     It protects you from acid and corrosion.
Jewellery
 t - an amulet of guardian spirit (around neck)
 u - a ring of ice {rC+ rF-}
 C - a ring of willpower
Wands
 i - a wand of flame (4)
 y - a wand of roots (13)
Scrolls
 h - 2 scrolls of butterflies
 k - 7 scrolls of identify {@r1}
 p - 3 scrolls of noise
 q - a scroll of poison
 B - 2 scrolls of teleportation
 D - a scroll of brand weapon
Potions
 f - 3 potions of haste
 g - 8 potions of curing
 j - 2 potions of cancellation
 r - a potion of attraction
 s - a potion of berserk rage
 w - 3 potions of lignification
 x - 2 potions of mutation


   Skills:
 + Level 10.5 Fighting
 - Level 14.0 Axes
 - Level 6.0 Throwing
 + Level 9.8 Armour
 + Level 3.1 Dodging
 - Level 0.2 Stealth
 + Level 9.5 Shields


You had 11 spell levels left.
You didn't know any spells.
Your spell library contained the following spells:

 Spells                   Type           Power      Damage    Failure   Level
 Apportation              Tloc           0%         N/A       77%         1
 Foxfire                  Conj/Fire      0%         2x1d4     77%         1
 Necrotise                Necr           0%         1d4       77%         1
 Summon Small Mammal      Summ           0%         N/A       77%         1
 Call Canine Familiar     Summ           0%         N/A       98%         3
 Summon Guardian Golem    Hex/Summ       0%         N/A       98%         3
 Fireball                 Conj/Fire      0%         3d3       100%        5
 Starburst                Conj/Fire      0%         6d3       100%        6


Dungeon Overview and Level Annotations

Branches:
Dungeon (12/15)            Temple (0/1) D:7            Lair (0/5) D:10
    Orc (2/2) D:10            Elf (0/3) Orc:2

Altars:
Dithmenos
Elyvilon
Fedhas
Gozag
Hepliaklqana
Makhleb
Nemelex Xobeh
Okawaru
Qazlal
Ru
Sif Muna
Trog
Vehumet
Wu Jian
Xom
Yredelemnul

Shops:
D:5 [!(   D:7 *   D:10 [   Orc:1 ::   Orc:2 !(

Annotations:
D:11 3 runed translucent doors
D:12 Frances


Message History

[b] - 324 gold - brilliance and magic [c] - 750 gold - haste, resistance, heal wounds and berserk rage Purchase which effect?
You no longer have enough gold to petition Gozag for potion effects.
You no longer have enough gold to fund merchants seeking to open stores in the dungeon.
You feel yourself speed up.
You feel protected.
You feel much better.
A red film seems to cover your vision as you go berserk!
You feel yourself moving faster!
You feel mighty! The orc knight closely misses you.
The orc warrior hits you from afar with a +0 glaive!!
* * * LOW HITPOINT WARNING * * *
The orc knight closely misses you.
The orc high priest hits you with a +0 war axe.
* * * LOW HITPOINT WARNING * * *
The orc knight roars a battlecry!
The orcs go into a battle-frenzy!
The orc high priest shouts, "Beogh is our master!
Accept the truth or die!"
You closely miss the orc high priest.
The orc high priest is severely wounded.
You hit the orc knight. x2; You slash the orc warrior!
You drain the orc warrior. You closely miss the sixfirhy.
The sixfirhy is distracted by your dazzling golden aura.
You barely miss the orc high priest.
The orc high priest is severely wounded.
You hit the orc knight but do no damage.
You drain the orc knight. You slash the orc warrior!
The orc high priest shouts, "Surrender to Beogh and we'll let you live!"
You slash the sixfirhy!
The sixfirhy is no longer distracted by gold.
You slash the orc knight!
The orc warrior no longer looks unusually strong.
The sixfirhy hits you.
* * * LOW HITPOINT WARNING * * *
The sixfirhy shocks you. You resist.
* * * LOW HITPOINT WARNING * * *
The orc knight hits you with a +2 bardiche!!
You die...
Your body crumbles into a pile of gold.

$ ###### ....
##...$##### .....
##..##.$.o.## #
.....# #..##$.ooo3.#
##
.....###.##.$$##@#.∩#
#. .....##..##..##oo#
.# ##
.....##)##.o.#3o.. ∩#
#####
.....##.##........# #
##.##.
.....##.##.........
#.....
.....##.#####o.o...#
#####....
....................
##.##.....
.....##.#####......#.
#......... .....##.#
##.........


You could see 3 orc knights, an orc high priest (strong, drained), a sun demon
(summoned), a sixfirhy (summoned), 3 orc warriors, an orc priest (strong) and an
orc wizard (strong).

Vanquished Creatures
  2 two-headed ogres
  2 orc high priests (Orc:2)
  An orc knight (Orc:2)
  An ugly thing (D:11)
  5 orc sorcerers
  3 cyclopes (D:11)
  2 kobold demonologists (D:11)
  An unseen horror (D:10)
  5 trolls
  A wyvern (D:8)
  2 humans (D:10)
  A steam dragon (D:7)
  2 acid dragons
  2 water moccasins
  15 orc warriors
  An ice beast (D:7)
  4 ogres
  A sky beast (D:6)
  3 centaurs
  6 bullfrogs
  4 kobold brigands (D:11)
  3 scorpions
  2 necrophages
  4 wights (D:9)
  10 killer bees
  8 electric eels (D:10)
  3 howler monkeys (D:8)
  A crimson imp (D:8)
  2 hounds
  10 orc priests
  4 jellies
  Ijyb (D:5)
  2 iguanas
  14 orc wizards
  5 adders
  3 shadow imps
  A worm (D:2)
  3 dart slugs
  39 orcs
  10 endoplasms
  6 giant cockroaches
  10 goblins
  7 hobgoblins
  7 jackals (D:1)
  4 quokkas
  5 ball pythons
  4 bats
  3 frilled lizards
  14 kobolds
  5 rats
254 creatures vanquished.

Vanquished Creatures (others)
  11 fungi (D:10)
  11 plants (D:10)
  4 toadstools (D:1)
26 creatures vanquished.

Grand Total: 280 creatures vanquished

Notes
Turn   | Place    | Note
-------+----------+-------------------------------------------
     0 | D:1      | leviel the Hill Orc Fighter began the quest for the Orb.
     0 | D:1      | Reached XP level 1. HP: 19/19 MP: 1/1
   184 | D:1      | Reached skill level 3 in Axes
   246 | D:1      | Reached XP level 2. HP: 27/27 MP: 2/2
   702 | D:1      | Reached XP level 3. HP: 29/33 MP: 3/3
  1514 | D:2      | Reached skill level 4 in Axes
  1516 | D:2      | Reached XP level 4. HP: 40/40 MP: 4/4
  1932 | D:3      | Found an ornate altar of the Wu Jian Council.
  2290 | D:3      | Found a sparkling altar of Nemelex Xobeh.
  2369 | D:3      | Found a blossoming altar of Fedhas.
  2680 | D:4      | Reached skill level 1 in Throwing
  2791 | D:4      | Reached XP level 5. HP: 47/47 MP: 5/5
  3228 | D:5      | Entered Level 5 of the Dungeon
  3228 | D:5      | Found Poedghonn's Distillery.
  3305 | D:5      | Bought 2 potions of degeneration for 24 gold pieces
  3305 | D:5      | Bought a potion of haste for 120 gold pieces
  3305 | D:5      | Bought a potion of attraction for 36 gold pieces
  3305 | D:5      | Bought a potion of curing for 36 gold pieces
  3305 | D:5      | Bought a potion of berserk rage for 60 gold pieces
  3562 | D:5      | Found Yleamobb's Antique Armour Shoppe.
  3644 | D:5      | Noticed Ijyb
  3649 | D:5      | Killed Ijyb
  3650 | D:5      | Reached skill level 5 in Axes
  3650 | D:5      | Reached XP level 6. HP: 41/53 MP: 6/6
  3753 | D:5      | Found Erekutt's Weapon Shop.
  4168 | D:5      | Reached skill level 5 in Fighting
  4419 | D:6      | Reached XP level 7. HP: 57/61 MP: 7/7
  4471 | D:6      | Found a radiant altar of Vehumet.
  4484 | D:6      | Reached skill level 5 in Armour
  4885 | D:6      | Reached skill level 6 in Axes
  5180 | D:6      | Reached XP level 8. HP: 48/70 MP: 8/8
  5183 | D:6      | Reached skill level 5 in Shields
  5646 | D:6      | Found a sacrificial altar of Ru.
  5748 | D:6      | Found an opulent altar of Gozag.
  5754 | D:6      | Became a worshipper of Gozag Ym Sagoz the Greedy
  5875 | D:7      | Reached skill level 7 in Axes
  6201 | D:7      | Found Farumoug's Assorted Antiques.
  6210 | D:7      | Bought a scroll labelled JODAYLOWARR for 35 gold pieces
  6210 | D:7      | Bought a metallic coppery potion for 31 gold pieces
  6373 | D:7      | Identified the +7 rapier of Responsibility {vorpal, Int+4
                  | Dex+4}
  6415 | D:7      | Found a staircase to the Ecumenical Temple.
  6434 | D:7      | Found a shimmering blue altar of Sif Muna.
  6660 | D:8      | Found a basalt altar of Yredelemnul.
  6661 | D:8      | Noticed a wyvern
  6671 | D:8      | Killed a wyvern
  6764 | D:8      | Reached skill level 8 in Axes
  6861 | D:8      | Reached XP level 9. HP: 68/78 MP: 9/9
  7442 | D:8      | Found a burning altar of Makhleb.
  7443 | D:8      | Found a shimmering altar of Xom.
  7445 | D:8      | Reached skill level 9 in Axes
  7539 | D:8      | Found a stormy altar of Qazlal.
  8357 | D:5      | Bought a pair of translucent boots for 209 gold pieces
  8357 | D:5      | Identified the +5 pair of boots of Skepticism {Fly rElec
                  | rCorr Str-5} (You bought it in a shop on level 5 of the
                  | Dungeon)
  8711 | D:9      | Found a hazy altar of Hepliaklqana.
  8712 | D:9      | Found a bloodstained altar of Trog.
  8755 | D:9      | Found a shadowy altar of Dithmenos.
  9404 | D:10     | Entered Level 10 of the Dungeon
  9413 | D:10     | Found a white marble altar of Elyvilon.
  9420 | D:10     | Noticed a two-headed ogre
  9434 | D:10     | Killed a two-headed ogre
  9435 | D:10     | Reached skill level 10 in Axes
  9435 | D:10     | Reached XP level 10. HP: 36/88 MP: 4/10
  9653 | D:10     | Reached skill level 5 in Throwing
  9889 | D:10     | Reached skill level 11 in Axes
  9995 | D:10     | Found a staircase to the Orcish Mines.
 10179 | D:10     | Found an iron altar of Okawaru.
 10225 | D:10     | Killed an unseen horror
 10244 | D:10     | Found a staircase to the Lair.
 10406 | D:10     | Identified the +9 hand axe of the Omega Point {drain, rElec
                  | Str+2}
 10491 | D:10     | Found Naphium's Antique Armour Emporium.
 10819 | D:11     | Found a runed translucent gate.
 10822 | D:11     | Found a runed translucent gate.
 10822 | D:11     | Found a runed translucent gate.
 10822 | D:11     | Noticed a glowing orange brain
 10823 | D:11     | Noticed a white ugly thing
 10824 | D:11     | Noticed a purple ugly thing
 10824 | D:11     | Noticed a red ugly thing
 10824 | D:11     | Noticed a white ugly thing
 10824 | D:11     | Noticed a green ugly thing
 10826 | D:11     | Noticed a shining eye
 10843 | D:11     | Noticed a kobold demonologist
 10844 | D:11     | Noticed a kobold demonologist
 10844 | D:11     | Noticed a cyclops
 10847 | D:11     | Noticed a soul eater
 10862 | D:11     | Killed a kobold demonologist
 10863 | D:11     | Reached skill level 12 in Axes
 10871 | D:11     | Killed a cyclops
 10874 | D:11     | Killed a kobold demonologist
 11067 | D:11     | Noticed a cyclops
 11078 | D:11     | Killed a cyclops
 11079 | D:11     | Reached XP level 11. HP: 71/97 MP: 8/11
 11172 | D:11     | Noticed a cyclops
 11188 | D:11     | Killed a cyclops
 11325 | D:11     | Noticed a green ugly thing
 11338 | D:11     | Killed a green ugly thing
 11339 | D:11     | Reached skill level 13 in Axes
 11405 | D:11     | a komodo dragon changed into a fire crab
 11405 | D:11     | Noticed a fire crab (glowing shapeshifter)
 11406 | D:11     | a fire crab changed into a glowing shapeshifter
 11406 | D:11     | Noticed a glowing shapeshifter (glowing shapeshifter)
 11407 | D:11     | a glowing shapeshifter changed into a shining eye
 11407 | D:11     | Noticed a shining eye (glowing shapeshifter)
 11409 | D:11     | a shining eye changed into a merfolk
 11419 | D:11     | a merfolk changed into a cyclops
 11419 | D:11     | Noticed a cyclops (glowing shapeshifter)
 11420 | D:11     | a cyclops changed into a faun
 11420 | D:11     | Noticed a faun (glowing shapeshifter)
 11447 | D:12     | Noticed Frances
 11714 | Orc:1    | Entered Level 1 of the Orcish Mines
 11714 | Orc:1    | Noticed an orc sorcerer
 11724 | Orc:1    | Killed an orc sorcerer
 11845 | Orc:2    | Entered Level 2 of the Orcish Mines
 11873 | Orc:2    | Noticed an orc sorcerer
 11887 | Orc:2    | Killed an orc sorcerer
 11891 | Orc:2    | Reached skill level 1 in Dodging
 12229 | Orc:2    | Found a staircase to the Elven Halls.
 12247 | Orc:2    | Noticed an orc high priest
 12261 | Orc:2    | Killed an orc high priest
 12571 | Orc:1    | Noticed a two-headed ogre
 12579 | Orc:1    | Killed a two-headed ogre
 12767 | Orc:1    | Found a burning altar of Makhleb.
 12791 | Orc:1    | Reached skill level 10 in Fighting
 12791 | Orc:1    | Reached skill level 14 in Axes
 12858 | Orc:1    | Found Tigguh's Book Boutique.
 12864 | Orc:1    | Found Keurphiw's Vocational Training.
 12878 | Orc:1    | Bought a manual of Evocations for 880 gold pieces
 13107 | Orc:2    | Noticed an orc sorcerer
 13108 | Orc:2    | Found Eduatag's Distillery.
 13110 | Orc:2    | Noticed an orc sorcerer
 13113 | Orc:2    | Noticed an orc knight
 13114 | Orc:2    | Killed an orc sorcerer
 13120 | Orc:2    | Killed an orc sorcerer
 13123 | Orc:2    | Noticed an orc sorcerer
 13134 | Orc:2    | Reached XP level 12. HP: 83/106 MP: 10/12
 13136 | Orc:2    | Noticed an orc high priest
 13141 | Orc:2    | Found Enaurad's Weapon Shoppe.
 13144 | Orc:2    | Killed an orc high priest
 13145 | Orc:2    | Noticed an orc high priest
 13153 | Orc:2    | Noticed a sun demon
 13155 | Orc:2    | Mangled by an orc knight

Illustrated notes

Levels and vault maps discovered:
D:1:      dpeg_arrival_snail, layout_loops_corners, st_stairs_8,
          minmay_gold_behind_fungi, minmay_misc_feat_alley
D:2:      layout_loops_ring, minmay_worlds_worst_comb
D:3:      layout_loops_ring, general_overflow_altar,
          mainiacjoe_overflow_alcove_4, mainiacjoe_overflow_alcove_2,
          kennysheep_decorative_pillar
D:4:      layout_loops_ring
D:5:      layout_gridville, serial_shops, shop_statue,
          nicolae_shop_hallway_stairs, shop, uniq_ijyb
D:6:      layout_cave_pods, nicolae_ru_path_of_blood, kennysheep_mini_moat,
          nicolae_vehumet_radiance, palyth_stone_intersect, minmay_statues_item
D:7:      layout_basic, lemuel_doored_altar, temple_fountains, serial_shops,
          shop
D:8:      layout_loops_corners, grunt_temple_overflow_champion_of_chaos,
          mainiacjoe_overflow_cross_hatched, nicolae_qazlal_scattered_showers
D:9:      layout_basic, grunt_dithmenos_smoke_and_mirrors,
          mainiacjoe_overflow_divided_tiny
D:10:     layout_basic, okawaru_humans, nicolae_elyvilon_peaceful_grove,
          grunt_lair_entry_orc_guard_hut, david_orc_2, serial_shops,
          nicolae_shop_overgrown_old_shop
D:11:     layout_gridville, ploomutoo_gammafunk_ghost_potion_laboratory
D:12:     layout_layer_cave, uniq_frances
Orc:1:    layout_caves, serial_shops, shop, basic_altar,
          statue_in_the_mist_lemuel, abandoned_shop, abandoned_shop,
          nicolae_shop_vocational
Orc:2:    st_orc_elflike, layout_caves, serial_shops, nicolae_diamond_shop

Skill      XL: |  1  2  3  4  5  6  7  8  9 10 11 12 |
---------------+-------------------------------------+-----
Axes           | 3 4 5 6 8 10 12 14 | 14.0
Fighting       | 4 5 6 7 9 10 | 10.5
Armour         | 4 5 6 7 8 9 |  9.8
Throwing       | 1 2 3 4 6 |  6.0
Shields        | 4 5 6 8 9 |  9.5
Dodging        | 2 3 |  3.1
Stealth        | |  0.2

Action                   |  1- 3 |  4- 6 |  7- 9 | 10-12 || total
-------------------------+-------+-------+-------+-------++-------
Melee: War axe           |   103 |    93 |   209 |   113 ||   518
       Hand axe          |       |       |       |   255 ||   255
Throw: Dart              |    30 |    46 |    39 |     8 ||   123
Invok: Potion Petition   |       |       |       |     1 ||     1
  Use: Scroll            |       |     9 |     5 |     4 ||    18
       Potion            |       |       |     3 |     4 ||     7
 Stab: Distracted        |       |       |     1 |     2 ||     3
Armor: Scale mail        |    40 |    40 |   118 |   200 ||   398
Dodge: Dodged            |    51 |    48 |    84 |   147 ||   330
Block: Buckler           |    25 |    25 |    50 |    80 ||   180

Table legend: (Time is in decaauts)
 A = Elapsed time spent in this place.
 B = Non-inter-level travel time spent in this place.
 C = Inter-level travel time spent in this place.
 D = Time resting spent in this place.
 E = Time spent auto-exploring this place.
 F = Levels seen in this place.
 G = Mean time per level.
                   A        B        C        D        E       F      G
               +--------+--------+--------+--------+--------+-----+--------+
         Total |  13119 |  12288 |    831 |   1160 |   9305 |  14 |  937.1 |
       Dungeon |  11757 |  10987 |    770 |    954 |   8455 |  12 |  979.8 |
  Orcish Mines |   1361 |   1301 |     60 |    206 |    849 |   2 |  680.5 |
               +--------+--------+--------+--------+--------+-----+--------+

Top non-repeatable levels by time:
     D:6: 1483 daAuts
    D:10: 1412 daAuts
     D:5: 1403 daAuts
     D:8: 1390 daAuts
     D:1: 1118 daAuts
     D:9: 1086 daAuts
    D:11: 865 daAuts
     D:7: 831 daAuts
     D:2: 765 daAuts
     D:3: 739 daAuts
   Orc:1: 696 daAuts
   Orc:2: 665 daAuts
     D:4: 658 daAuts
    D:12: 1 daAuts
